Map: Coda LE (Void)

Players

Nabulion

  • Race: Zerg Zerg

Bop - Winner!

  • Race: Zerg Zerg

VOD

Have the link to the VOD?

Description

Time

  • Played on: May 2, 2015, 3:54 a.m.
  • Length: 13:04
Show
View Real Time Build Order
Export as new Build Order

Nabulion Zerg 

Build Orders: Pool First 

Get SALT Encoding   

  12  0:01  Drone  
  13  0:14  Overlord  
  13  0:18  Drone  
  14  0:32  Drone x2  
  16  0:37  Drone  
  17  0:46  Spawning Pool  
  16  0:50  Drone  
  17  1:11  Hatchery  
  17  1:15  Extractor  
  17  1:16  Drone  
  16  1:22  Drone  
  16  1:23  Drone  
  18  1:30  Drone  
  19  1:44  Queen  
  19  1:46  Overlord  
  21  1:53  Zergling x2  
  22  2:06  Drone  
  23  2:15  Metabolic Boost  
  23  2:18  Drone  
  24  2:23  Queen  
  24  2:24  Drone x2  
  28  2:36  Baneling Nest  
  27  2:39  Zergling x4  
  29  2:46  Drone x2  
  31  2:52  Overlord  
  31  2:54  Drone  
  31  2:55  Drone x2  
  31  2:57  Drone  
  34  2:59  Drone  
  35  3:06  Overlord  
  35  3:10  Drone  
  36  3:20  Drone x2  
  36  3:26  Drone  
  39  3:27  Drone x3  
  39  3:32  Drone x3  
  45  3:42  Extractor  
  45  3:44  Roach Warren  
  43  3:50  Zergling x10  
  48  3:57  Overlord x3  
  48  4:24  Roach x8  
  48  4:29  Lair  
  63  4:35  Zergling x10  
  68  4:39  Overlord  
  68  4:46  Evolution Chamber x2, Drone  
  68  4:47  Drone x4  
  68  4:49  Extractor  
  70  4:53  Overlord  
  70  5:09  Ravager x3  
  70  5:12  Ravager  
  74  5:18  Drone x5  
  79  5:26  Baneling  
  79  5:27  Baneling x3  
  79  5:31  Hatchery  
  79  5:35  Extractor  
  69  6:07  Overseer  
  69  6:09  Zerg Missile Weapons Level 1, Zerg Ground Armor Level 1  
  69  6:10  Drone  
  69  6:11  Drone x16  
  78  6:27  Overseer  
  66  6:35  Roach  
  66  6:36  Roach x3  
  71  6:41  Roach x4  
  79  6:50  Roach x3  
  85  6:56  Zergling x4  
  87  7:01  Extractor  
  87  7:02  Queen, Extractor  
  87  7:03  Spine Crawler  
  87  7:04  Spore Crawler  
  87  7:05  Roach  
  87  7:06  Roach x5  
  97  7:20  Glial Reconstitution  
  97  7:23  Ravager  
  97  7:25  Overlord  
  97  7:26  Overlord x3  
  98  7:33  Hydralisk Den  
  97  7:39  Burrow  
  97  7:43  Overlord x3  
  97  7:47  Ravager x3  
  97  7:48  Ravager  
  97  7:50  Drone  
  97  7:51  Drone x9  
  111  8:07  Hatchery  
  111  8:10  Spine Crawler x2  
  111  8:11  Spine Crawler  
  105  8:34  Spire  
  104  8:37  Roach x6  
  104  8:38  Roach x10  
  136  8:47  Overlord x3  
  136  8:48  Zerg Missile Weapons Level 2  
  136  9:19  Overlord x2, Roach x6  
  136  9:21  Zerg Ground Armor Level 2, Roach x4  
  136  9:28  Roach x8  
  124  9:48  Mutalisk  
  124  9:49  Mutalisk x8  
  124  9:51  Mutalisk  
  114  10:17  Hatchery  
  113  10:27  Queen  
  115  10:29  Mutalisk x3  
  115  10:30  Mutalisk x3  
  127  10:36  Overseer  
  127  10:44  Mutalisk  
  127  10:45  Mutalisk  
  131  10:54  Spine Crawler  
  130  10:57  Pneumatized Carapace  
  130  10:58  Mutalisk  
  130  11:04  Drone x6  
  134  11:06  Extractor  
  134  11:10  Extractor  
  134  11:11  Mutalisk x2  
  136  11:16  Mutalisk  
  142  11:26  Mutalisk x2  
  146  11:58  Roach x8  
  146  11:59  Roach  
  146  12:00  Roach x11  
  168  12:15  Roach x5  
  132  12:25  Hydralisk x4  
  140  12:31  Hydralisk  
  140  12:32  Hydralisk  
  144  12:38  Hydralisk x6  
  144  12:39  Hydralisk x5  
  144  12:41  Overlord x2  
  144  12:42  Overlord  
Show
View Real Time Build Order
Export as new Build Order

Bop Zerg - Winner!

Build Orders: Hatch First, Lurkers 

Get SALT Encoding   

  12  0:02  Drone  
  13  0:13  Overlord  
  13  0:21  Drone  
  14  0:31  Drone x2  
  14  0:35  Drone  
  17  0:54  Hatchery  
  16  1:01  Drone x2  
  16  1:04  Extractor  
  17  1:19  Spawning Pool  
  17  1:20  Drone  
  17  1:31  Drone x2  
  19  1:41  Drone  
  20  2:05  Metabolic Boost, Queen  
  20  2:06  Queen  
  20  2:08  Zergling x2  
  25  2:09  Zergling x2  
  26  2:21  Overlord  
  26  2:25  Drone x2  
  28  2:35  Baneling Nest, Drone  
  28  2:41  Drone x2  
  30  2:48  Drone  
  30  2:49  Drone  
  32  2:51  Overlord  
  32  3:00  Lair  
  32  3:07  Drone x2  
  32  3:09  Drone  
  35  3:15  Drone x3  
  38  3:21  Zergling x2  
  38  3:26  Drone x4  
  43  3:33  Overlord  
  42  3:41  Drone  
  42  3:45  Extractor x2  
  41  3:53  Baneling x2  
  41  3:56  Drone x10  
  51  4:04  Hydralisk Den  
  50  4:19  Lurker Den  
  50  4:24  Extractor  
  49  4:28  Drone  
  50  4:32  Overlord x2  
  50  4:41  Zergling x4  
  52  4:50  Hatchery  
  51  4:53  Zergling x22  
  62  5:00  Overlord  
  62  5:02  Overlord  
  62  5:07  Drone x2  
  64  5:08  Evolution Chamber  
  63  5:16  Hydralisk  
  63  5:17  Hydralisk  
  66  5:24  Overlord  
  66  5:28  Hydralisk  
  66  5:29  Hydralisk x3  
  66  5:31  Overlord  
  74  5:37  Hydralisk x2  
  78  5:45  Lurker x2  
  67  5:59  Hydralisk x6  
  70  6:10  Hydralisk  
  70  6:11  Hydralisk  
  60  6:16  Zergling x2  
  60  6:17  Zergling x4  
  57  6:26  Zergling x6  
  60  6:41  Lurker  
  60  6:42  Lurker  
  60  6:43  Drone x2  
  64  6:50  Lurker  
  65  6:59  Drone x5  
  70  7:03  Overlord  
  70  7:06  Lurker  
  70  7:07  Lurker  
  71  7:20  Zerg Melee Weapons Level 1  
  71  7:22  Queen x2  
  74  7:42  Drone x7  
  74  7:43  Drone x2  
  83  7:45  Queen  
  85  7:52  Lurker x3  
  88  8:03  Extractor  
  88  8:04  Extractor  
  86  8:08  Infestation Pit  
  86  8:09  Zergling x12  
  91  8:21  Drone  
  91  8:22  Drone x2  
  94  8:27  Overseer  
  94  8:28  Overseer x2  
  94  8:43  Drone x9  
  94  8:44  Overseer  
  94  8:45  Overlord  
  94  8:46  Overlord  
  94  8:47  Hive  
  103  8:56  Evolution Chamber, Burrow  
  102  9:07  Zergling x16  
  110  9:11  Overlord  
  110  9:12  Overlord  
  110  9:13  Overseer  
  110  9:15  Overseer  
  110  9:22  Zerg Ground Armor Level 1  
  110  9:23  Zerg Melee Weapons Level 2  
  100  9:38  Overseer  
  84  9:59  Drone x2  
  80  10:00  Drone x4  
  79  10:08  Queen x3  
  80  10:16  Ultralisk Cavern  
  80  10:19  Hydralisk x9  
  97  10:23  Spore Crawler  
  97  10:26  Spore Crawler  
  95  10:34  Viper  
  98  10:36  Viper  
  98  10:40  Spore Crawler  
  100  10:47  Drone x3  
  100  10:48  Drone x2  
  105  10:59  Muscular Augments  
  105  11:01  Viper  
  108  11:06  Chitinous Plating  
  108  11:19  Ultralisk  
  108  11:24  Overseer  
  114  11:36  Ultralisk  
  120  11:45  Drone x3  
  121  11:53  Lurker x2  
  105  12:12  Hydralisk  
  105  12:13  Hydralisk x5  
  118  12:36  Zergling x2  
  118  12:37  Zergling x16  
  127  12:57  Lurker x4  
Tags
 
Add a new tag
Caveats
  • Supply blocks, unpowered buildings, or Contaminate may cause inaccurate times.
  • Supply counts are checked every 10 seconds.